 Dungeon Crawl Stone Soup version 0.21.1-1-g345015f (webtiles) character file.

11 inc the Vexing (level 2, 0/11 HPs)
             Began as a Felid Enchanter on Feb 21, 2018.
             Slain by a jackal (1 damage)
             ... on level 1 of the Dungeon.
             The game lasted 00:00:52 (397 turns).

inc the Vexing (Felid Enchanter)                     Turns: 397, Time: 00:00:52

Health: 0/11       AC:  1    Str:  4    XL:     2   Next: 13%
Magic:  6/6        EV: 18    Int: 16    God:
Gold:   7          SH:  0    Dex: 16    Spells: 4/5 levels left
                                        Lives:  0   Deaths: 0

rFire    . . .     SeeInvis +     - Unarmed
rCold    . . .     Gourm    .   (shield unavailable)
rNeg     . . .     Faith    .   (armour unavailable)
rPois    .         Spirit   .   (helmet unavailable)
rElec    .         Reflect  .   (cloak unavailable)
rCorr    .         Harm     .   (gloves unavailable)
MR       .....                  (boots unavailable)
Stlth    +++.......             (no amulet)
HPRegen  0.03/turn              (no ring)
MPRegen  0.10/turn              (no ring)

@: quick
A: very small, no armour, no weapons or thrown items, stealth, claws 1, fangs 3,
see invisible, carnivore, speed 1, shaggy fur 1, slow metabolism 1, sharp paws
a: no special abilities


You were on level 1 of the Dungeon.
You were not hungry.

You visited 1 branch of the dungeon, and saw 1 of its levels.

You collected 7 gold pieces.

Inventory:

Scrolls
 c - a scroll of magic mapping {unknown}
 d - a scroll of amnesia {unknown}
Potions
 e - a potion of lignification {unknown}
Books
 a - a book of Maledictions

   Spells                             Type                      Level
   a - Corona                         Hexes                        1
   b - Ensorcelled Hibernation        Hexes/Ice                    2
   c - Confuse                        Hexes                        3
   d - Tukima's Dance                 Hexes                        3
   e - Dazzling Spray                 Conjuration/Hexes            3
Comestibles
 b - 2 rations


   Skills:
 - Level 0.2 Fighting
 + Level 2.9 Dodging
 - Level 4.0 Stealth
 + Level 2.0 Unarmed Combat
 - Level 2.0 Spellcasting
 - Level 4.4 Hexes


You had 4 spell levels left.
You knew the following spells:

 Your Spells              Type           Power        Failure   Level  Hunger
a - Corona                Hex            ###....      3%          1    #......


Dungeon Overview and Level Annotations

Branches:
Dungeon (1/15)

Altars:


Innate Abilities, Weirdness & Mutations

You cannot wear armour.
You are incapable of wielding weapons or throwing items.
Your paws allow you to move quietly. (Stealth)
You have sharp claws.
You have razor-sharp teeth.
You have supernaturally acute eyesight. (SInv)
You are carnivorous and can eat meat at any time.
You cover ground quickly.
You are covered in fur. (AC +1)
You have a slow metabolism.
Your sharp claws are effective at attacking unaware monsters.


Message History

* * * LOW HITPOINT WARNING * * *
You scratch the jackal.
You kill the jackal!
Your Unarmed Combat skill increases to level 2!
You closely miss the jackal.
The jackal is moderately wounded.
The jackal closely misses you.
You scratch the jackal but do no damage.
The jackal is moderately wounded.
The jackal barely misses you. x2
You miss the jackal.
The jackal is moderately wounded.
The jackal closely misses you.
You miss the jackal.
The jackal is moderately wounded.
The jackal completely misses you.
You scratch the jackal.
The jackal is heavily wounded.
The jackal barely misses you. The jackal bites you.
You die...

#.##.####.######............
#
##.#......######....#....(..
##
#.#####....................
.## #.#
#.#######....#.#####. #.#
#.# #.#..........#.# . #<#
#.# #.#######....#.# ### #.#
#................
#.#####.#####.#..###...
##.#.......@hs..........
#.##..#######r.#...##.#. #.#
#######..#...# ##.#
#.......(#...# ## ##.##
#.#####s##..... .###.## #.#
...### #...## ..r .. #####
.#... ..#....


You could see a jackal, a giant cockroach and a rat.

Vanquished Creatures
  2 goblins (D:1)
  2 hobgoblins (D:1)
  A jackal (D:1)
  2 kobolds (D:1)
  A ball python (D:1)
  A rat (D:1)
9 creatures vanquished.

Notes
Turn   | Place    | Note
-------+----------+-------------------------------------------
     0 | D:1      | inc the Felid Enchanter began the quest for the Orb.
     0 | D:1      | Reached XP level 1. HP: 7/7 MP: 4/4
   375 | D:1      | Reached XP level 2. HP: 9/11 MP: 6/6
   397 | D:1      | Slain by a jackal

Skill      XL: |  1  2 |
---------------+-------+-----
Unarmed Combat | 2 |  2.0
Fighting       | |  0.2
Dodging        | |  2.9
Stealth        | |  4.0
Spellcasting   | |  2.0
Hexes          | |  4.4

Action                   || total
-------------------------++-------
Melee: Unarmed           ||    41
       Bite              ||     3
 Stab: Sleeping          ||     1
Dodge: Dodged            ||    33
